CAROLINA vs BOSTON

Created - January 5, 2021 at 07:05

Goals
1 2 3 T
CAROLINA 1 0 0 1
BOSTON 1 2 1 4
Shots
1 2 3 T
CAROLINA 8 9 6 23
BOSTON 10 7 11 28

1st period

1. BOSTON , Miro Heiskanen 1 (Ivan Provorov 1, William Nylander 2) at 3:24 (PP)
2. CAROLINA , Matt Martin 1 (Adam Henrique 1, Duncan Keith 1) at 13:07

Penalties :
Sebastian Aho (CAR) for Hooking (Minor) at 1:46, Shea Weber (CAR) for Diving (Minor) at 5:35

2nd period

3. BOSTON , William Nylander 2 (Reilly Smith 1, Filip Hronek 1) at 3:50
4. BOSTON , Victor Olofsson 1 (Alec Martinez 2, Casey Mittelstadt 1) at 6:24

Penalties :
Matt Benning (CAR) for Holding (Minor) at 15:07

3rd period

5. BOSTON , Blake Comeau 1 (Ivan Provorov 2, Ilya Kovalchuk 1) at 19:29

Penalties :
No Penalty

Goalie Stats

Sergei Bobrovsky (CAR), 24 saves from 28 shots - (0.857), L, 0-1-1, 60:00 minutes
Martin Jones (BOS), 22 saves from 23 shots - (0.957), W, 2-0-0, 60:00 minutes

Players Stats for CAROLINA

Player Name              G  A  P  +/- PIM S  H  SB GA TA FO     MP     PP MP  PK MP  
------------------------------------------------------------------------------------
Adam Henrique            0  1  1   0  0   4  0  0  0  0  0/0    15:08   0:00   0:00 
Alexander Radulov        0  0  0  -1  0   2  2  0  0  0  0/0    17:58   0:00   0:00 
Brent Burns              0  0  0   0  0   0  1  3  0  0  0/0    26:02   0:00   3:25 
CAR Cap Hit              0  0  0   0  0   0  0  0  0  0  0/0     6:29   0:00   0:29 
Claude Giroux            0  0  0  -1  0   3  0  0  0  0  1/1    19:07   0:00   3:22 
David Kampf              0  0  0   0  0   3  0  0  0  0  13/21  15:18   0:00   0:10 
Deryk Engelland          0  0  0   0  0   0  2  0  0  0  0/0    19:23   0:00   2:11 
Dominik Kubalik          0  0  0  -1  0   0  1  0  0  0  0/1    17:58   0:00   0:00 
Duncan Keith             0  1  1   0  0   0  2  0  0  0  0/0    19:23   0:00   2:11 
Joel L'Esperance         0  0  0   0  0   0  0  0  0  0  0/0     5:33   0:00   0:00 
Matt Benning             0  0  0  -2  2   0  2  0  0  0  0/0    15:20   0:00   0:46 
Matt Martin              1  0  1   0  0   2  1  0  0  0  0/1    15:48   0:00   0:00 
Nicklas Backstrom        0  0  0  -1  0   1  0  0  0  0  15/20  20:12   0:00   2:14 
Patrice Bergeron         0  0  0  -1  0   2  1  0  0  0  15/26  23:50   0:00   3:12 
Sam Lafferty             0  0  0   0  0   1  0  0  0  0  3/6     5:33   0:00   0:00 
Sebastian Aho            0  0  0  -2  2   0  1  1  0  0  0/0    14:34   0:00   0:00 
Shea Weber               0  0  0   0  2   1  7  0  0  0  0/0    18:46   0:00   2:10 
Vladimir Tarasenko       0  0  0  -1  0   4  0  0  0  0  0/0    17:59   0:00   2:14 

Players Stats for BOSTON

Player Name              G  A  P  +/- PIM S  H  SB GA TA FO     MP     PP MP  PK MP  
------------------------------------------------------------------------------------
Alec Martinez            0  1  1   1  0   1  0  2  0  0  0/0    21:22   2:34   0:00 
Aleksi Saarela           0  0  0   0  0   0  0  0  0  0  0/0     0:00   0:00   0:00 
Alexandre Texier         0  0  0   0  0   1  1  0  0  0  5/10    7:01   0:00   0:00 
Andrew Mangiapane        0  0  0   0  0   0  0  0  0  0  0/0     7:01   0:00   0:00 
Blake Comeau             1  0  1   1  0   1  4  0  0  0  0/2    19:03   3:13   0:00 
Casey Mittelstadt        0  1  1   1  0   1  0  0  0  0  6/18   12:43   0:00   0:00 
Filip Hronek             0  1  1   1  0   1  0  1  0  0  0/0    21:22   2:34   0:00 
Filip Zadina             0  0  0   0  0   3  0  0  0  0  0/0     7:01   0:00   0:00 
Ilya Kovalchuk           0  1  1   1  0   1  1  0  0  0  0/1    19:03   3:13   0:00 
Ivan Barbashev           0  0  0   1  0   1  3  0  0  0  10/19  19:03   3:13   0:00 
Ivan Provorov            0  2  2   1  0   2  0  1  0  0  0/0    23:08   3:02   0:00 
Juuso Valimaki           0  0  0   0  0   0  1  0  0  0  0/0    15:30   0:00   0:00 
Kevin Fiala              0  0  0   0  0   1  2  0  0  0  0/0    21:13   2:23   0:00 
Miles Wood               0  0  0   1  0   1  3  0  0  0  0/0    12:43   0:00   0:00 
Miro Heiskanen           1  0  1   1  0   3  0  1  0  0  0/0    23:08   3:02   0:00 
Nicolas Roy              0  0  0   0  0   0  0  0  0  0  0/0     0:00   0:00   0:00 
Philippe Myers           0  0  0   0  0   0  1  3  0  0  0/0    15:30   0:00   0:00 
Reilly Smith             0  1  1   0  0   3  1  1  0  0  0/0    21:13   2:23   0:00 
Victor Olofsson          1  0  1   1  0   4  0  0  0  0  0/1    12:43   0:00   0:00 
William Nylander         1  1  2   0  0   4  1  0  0  0  8/25   21:13   2:23   0:00 

3 Stars

1 - Blake Comeau (BOS)
2 - William Nylander (BOS)
3 - Ivan Provorov (BOS)

Power Play

CAROLINA - 0 on 0 Attempt(s) - 0.00%
BOSTON - 1 on 3 Attempt(s) - 33.33%

Penalty Kill

CAROLINA - 2 on 3 Attempt(s) - 66.67% - Score 0 goal in Penalty Kill
BOSTON - 0 on 0 Attempt(s) - 0.00% - Score 0 goal in Penalty Kill

Team Stat

CAROLINA - Hits : 20 - Faceoff Wins : 47 - Blocked Shots : 4 - Penalty Minutes : 6
BOSTON - Hits : 18 - Faceoff Wins : 29 - Blocked Shots : 9 - Penalty Minutes : 0

Official

Referees : Kendrick Nicholson and Mike Campbell
Linesman : Jake Davis and Ryan Daisy

Game Notes

No Game Note

Finance

Level 1 -- Attendance: 5319 (88.65%) -- Ticket Income $425,520
Level 2 -- Attendance: 4975 (99.50%) -- Ticket Income $273,625
Level 3 -- Attendance: 1994 (99.70%) -- Ticket Income $69,790
Level 4 -- Attendance: 3817 (95.43%) -- Ticket Income $64,889
Luxury Box -- Attendance: 875 (87.50%) -- Ticket Income $157,500
Game was played at the TD Garden.
Total Attendance: 16980 (94.33%)
Total Ticket Income: $991,324
Total Income: $991,324

CAROLINA

5 vs 5 Forward 
   Center                   Left Wing                Right Wing               Time % Phy DF OF 
 1 Patrice Bergeron         Claude Giroux            Vladimir Tarasenko       35     1   2  2  
 2 Nicklas Backstrom        Dominik Kubalik          Alexander Radulov        30     1   2  2  
 3 David Kampf              Matt Martin              Adam Henrique            25     1   2  2  
 4 Sam Lafferty             Patrice Bergeron         Joel L'Esperance         10     1   2  2  

5 vs 5 Defense 
   Defense                  Defense                                           Time % Phy DF OF 
 1 Brent Burns              Shea Weber                                        35     1   2  2  
 2 Duncan Keith             Deryk Engelland                                   30     1   2  2  
 3 Sebastian Aho            Matt Benning                                      25     1   2  2  
 4 CAR Cap Hit              Brent Burns                                       10     1   2  2  

PowerPlay Forward 
   Center                   Left Wing                Right Wing               Time % Phy DF OF 
 1 Patrice Bergeron         Claude Giroux            Vladimir Tarasenko       60     1   2  2  
 2 Nicklas Backstrom        Dominik Kubalik          Alexander Radulov        40     1   2  2  

PowerPlay Defense
   Defense                  Defense                                           Time % Phy DF OF 
 1 Brent Burns              Shea Weber                                        60     1   2  2  
 2 Duncan Keith             Deryk Engelland                                   40     1   2  2  

Penalty Kill 4 Players Forward 
   Center                   Wing                     Time % Phy DF OF 
 1 Patrice Bergeron         Claude Giroux            60     1   2  2  
 2 Nicklas Backstrom        Vladimir Tarasenko       40     1   2  2  

Penalty Kill 4 Players Defense
   Defense                  Defense                  Time % Phy DF OF 
 1 Brent Burns              Shea Weber               60     1   2  2  
 2 Duncan Keith             Deryk Engelland          40     1   2  2  

Penalty Kill - 3 Players Forward 
   Forward                                           Time % Phy DF OF 
 1 Patrice Bergeron                                  60     1   2  2  
 2 Claude Giroux                                     40     1   2  2  

Penalty Kill - 3 Players Defense
   Defense                  Defense                  Time % Phy DF OF 
 1 Brent Burns              Shea Weber               60     1   2  2  
 2 Duncan Keith             Deryk Engelland          40     1   2  2  

4 vs 4 Forward 
   Center                   Wing                     Time % Phy DF OF 
 1 Patrice Bergeron         Claude Giroux            60     1   2  2  
 2 Nicklas Backstrom        Vladimir Tarasenko       40     1   2  2  

4 vs 4 Defense
   Defense                  Defense                  Time % Phy DF OF 
 1 Brent Burns              Shea Weber               60     1   2  2  
 2 Duncan Keith             Deryk Engelland          40     1   2  2  

Last Minutes Offensive
   Center                   Left Wing                Right Wing               Defense                  Defense                  
   Patrice Bergeron         Claude Giroux            Vladimir Tarasenko       Brent Burns              Shea Weber               

Last Minutes Defensive
   Center                   Left Wing                Right Wing               Defense                  Defense                  
   Patrice Bergeron         Claude Giroux            Vladimir Tarasenko       Brent Burns              Shea Weber               

Goaltenders
Starting : Sergei Bobrovsky         
Backup : Scott Wedgewood          

Extra Forwards
Normal : Adam Henrique, Matt Martin, David Kampf - PP : Adam Henrique, Matt Martin - PK : David Kampf
Extra Defensemen
Normal : Sebastian Aho, Matt Benning, CAR Cap Hit - PP : Sebastian Aho - PK : Matt Benning, CAR Cap Hit
Penalty Shots
Patrice Bergeron, Claude Giroux, Nicklas Backstrom, Vladimir Tarasenko, Alexander Radulov

Scratches
Ryan Hartman (Healthy)

BOSTON

5 vs 5 Forward 
   Center                   Left Wing                Right Wing               Time % Phy DF OF 
 1 William Nylander         Reilly Smith             Kevin Fiala              35     1   2  2  
 2 Ivan Barbashev           Ilya Kovalchuk           Blake Comeau             30     1   2  2  
 3 Casey Mittelstadt        Miles Wood               Victor Olofsson          25     1   2  2  
 4 Alexandre Texier         Andrew Mangiapane        Filip Zadina             10     1   2  2  

5 vs 5 Defense 
   Defense                  Defense                                           Time % Phy DF OF 
 1 Ivan Provorov            Miro Heiskanen                                    35     1   2  2  
 2 Alec Martinez            Filip Hronek                                      30     1   2  2  
 3 Philippe Myers           Juuso Valimaki                                    25     1   2  2  
 4 Ivan Provorov            Miro Heiskanen                                    10     1   2  2  

PowerPlay Forward 
   Center                   Left Wing                Right Wing               Time % Phy DF OF 
 1 William Nylander         Reilly Smith             Kevin Fiala              60     1   2  2  
 2 Ivan Barbashev           Ilya Kovalchuk           Blake Comeau             40     1   2  2  

PowerPlay Defense
   Defense                  Defense                                           Time % Phy DF OF 
 1 Ivan Provorov            Miro Heiskanen                                    60     1   2  2  
 2 Alec Martinez            Filip Hronek                                      40     1   2  2  

Penalty Kill 4 Players Forward 
   Center                   Wing                     Time % Phy DF OF 
 1 Reilly Smith             William Nylander         60     1   2  2  
 2 Kevin Fiala              Ilya Kovalchuk           40     1   2  2  

Penalty Kill 4 Players Defense
   Defense                  Defense                  Time % Phy DF OF 
 1 Ivan Provorov            Miro Heiskanen           60     1   2  2  
 2 Alec Martinez            Filip Hronek             40     1   2  2  

Penalty Kill - 3 Players Forward 
   Forward                                           Time % Phy DF OF 
 1 Reilly Smith                                      60     1   2  2  
 2 William Nylander                                  40     1   2  2  

Penalty Kill - 3 Players Defense
   Defense                  Defense                  Time % Phy DF OF 
 1 Ivan Provorov            Miro Heiskanen           60     1   2  2  
 2 Alec Martinez            Filip Hronek             40     1   2  2  

4 vs 4 Forward 
   Center                   Wing                     Time % Phy DF OF 
 1 Reilly Smith             William Nylander         60     1   2  2  
 2 Kevin Fiala              Ilya Kovalchuk           40     1   2  2  

4 vs 4 Defense
   Defense                  Defense                  Time % Phy DF OF 
 1 Ivan Provorov            Miro Heiskanen           60     1   2  2  
 2 Alec Martinez            Filip Hronek             40     1   2  2  

Last Minutes Offensive
   Center                   Left Wing                Right Wing               Defense                  Defense                  
   William Nylander         Reilly Smith             Kevin Fiala              Ivan Provorov            Miro Heiskanen           

Last Minutes Defensive
   Center                   Left Wing                Right Wing               Defense                  Defense                  
   William Nylander         Reilly Smith             Kevin Fiala              Ivan Provorov            Miro Heiskanen           

Goaltenders
Starting : Martin Jones             
Backup : Thatcher Demko           

Extra Forwards
Normal : Nicolas Roy, Aleksi Saarela, Miles Wood - PP : Nicolas Roy, Aleksi Saarela - PK : Miles Wood
Extra Defensemen
Normal : Philippe Myers, Juuso Valimaki, Alec Martinez - PP : Philippe Myers - PK : Juuso Valimaki, Alec Martinez
Penalty Shots
Reilly Smith, William Nylander, Kevin Fiala, Ilya Kovalchuk, Blake Comeau

Scratches
BOS Cap Hit (Suspend), Robert Hagg (Healthy), Charlie Lindgren (Healthy)

% Time on Ice - CAROLINA

Lines # - Real PCT - Wanted PCT - Time Play
Normal Forward
1 - 29% - 35% - 15:45
2 - 33% - 30% - 17:58
3 - 28% - 25% - 15:08
4 - 10% - 10% - 5:33
Normal Defense
1 - 31% - 35% - 16:37
2 - 32% - 30% - 17:12
3 - 27% - 25% - 14:35
4 - 11% - 10% - 6:00
PP Forward
1 - 0% - 60%
2 - 0% - 40%
PP Defense
1 - 0% - 60%
2 - 0% - 40%
PK Forward
1 - 60% - 60% - 3:22
2 - 40% - 40% - 2:14
PK Defense
1 - 61% - 60% - 3:25
2 - 39% - 40% - 2:11
PK3 Forward
1 - 0% - 60%
2 - 0% - 40%
PK3 Defense
1 - 0% - 60%
2 - 0% - 40%
44 Forward
1 - 0% - 60%
2 - 0% - 40%
44 Defense
1 - 0% - 60%
2 - 0% - 40%
Last Minute Offensive  - 0:00
Last Minute Defensive  - 0:00
Total
Forward - 60:00
Defense - 60:00

% Time on Ice - BOSTON

Lines # - Real PCT - Wanted PCT - Time Play
Normal Forward
1 - 35% - 35% - 18:50
2 - 29% - 30% - 15:50
3 - 23% - 25% - 12:43
4 - 13% - 10% - 7:01
Normal Defense
1 - 31% - 35% - 16:58
2 - 35% - 30% - 18:48
3 - 28% - 25% - 15:30
4 - 6% - 10% - 3:08
PP Forward
1 - 43% - 60% - 2:23
2 - 57% - 40% - 3:13
PP Defense
1 - 54% - 60% - 3:02
2 - 46% - 40% - 2:34
PK Forward
1 - 0% - 60%
2 - 0% - 40%
PK Defense
1 - 0% - 60%
2 - 0% - 40%
PK3 Forward
1 - 0% - 60%
2 - 0% - 40%
PK3 Defense
1 - 0% - 60%
2 - 0% - 40%
44 Forward
1 - 0% - 60%
2 - 0% - 40%
44 Defense
1 - 0% - 60%
2 - 0% - 40%
Last Minute Offensive  - 0:00
Last Minute Defensive  - 0:00
Total
Forward - 60:00
Defense - 60:00

Play-by-Play

1st period


0:01 of 1st period - Patrice Bergeron wins face-off versus William Nylander in neutral zone.
0:16 of 1st period - Patrice Bergeron is hit by Kevin Fiala and loses puck.
0:23 of 1st period - Shot by Reilly Smith.
0:23 of 1st period - Stopped by Sergei Bobrovsky without a rebound.
0:24 of 1st period - Nicklas Backstrom wins face-off versus Ivan Barbashev in CAROLINA zone.
0:24 of 1st period - Nicklas Backstrom is hit by Ivan Barbashev.
0:55 of 1st period - Shot by Ilya Kovalchuk.
0:55 of 1st period - Shot Misses the Net.
1:11 of 1st period - Icing by Ivan Barbashev.
1:12 of 1st period - David Kampf wins face-off versus Ivan Barbashev in BOSTON zone.
1:13 of 1st period - Shot by Adam Henrique.
1:13 of 1st period - Stopped by Martin Jones without a rebound.
1:14 of 1st period - David Kampf wins face-off versus Casey Mittelstadt in BOSTON zone.
1:46 of 1st period - Minor Penalty to Sebastian Aho for Hooking.
1:47 of 1st period - Patrice Bergeron wins face-off versus William Nylander in CAROLINA zone.
1:58 of 1st period - Shot by Kevin Fiala.
1:58 of 1st period - Stopped by Sergei Bobrovsky with a rebound.
2:00 of 1st period - Shot by Reilly Smith.
2:00 of 1st period - Shot Blocked by Brent Burns.
2:02 of 1st period - Shot by Kevin Fiala.
2:02 of 1st period - Shot Misses the Net.
2:04 of 1st period - Shot by Kevin Fiala.
2:04 of 1st period - Shot Misses the Net.
2:06 of 1st period - Shot by Miro Heiskanen.
2:06 of 1st period - Shot Misses the Net.
2:08 of 1st period - Shot by Reilly Smith.
2:08 of 1st period - Shot Blocked by Brent Burns.
2:16 of 1st period - Shot by Miro Heiskanen.
2:16 of 1st period - Stopped by Sergei Bobrovsky without a rebound.
2:17 of 1st period - Nicklas Backstrom wins face-off versus Ivan Barbashev in CAROLINA zone.
2:26 of 1st period - Shot by Vladimir Tarasenko.
2:26 of 1st period - Stopped by Martin Jones without a rebound.
2:27 of 1st period - Ivan Barbashev wins face-off versus Patrice Bergeron in BOSTON zone.
2:57 of 1st period - Blake Comeau is hit by Shea Weber and loses puck.
3:24 of 1st period - Shot by Miro Heiskanen.
3:24 of 1st period - The goal is going for a video replay.
3:24 of 1st period - The goal is good.
3:24 of 1st period - Goal by Miro Heiskanen - CAROLINA : 0 - BOSTON : 1.
3:25 of 1st period - Alexandre Texier wins face-off versus David Kampf in neutral zone.
3:41 of 1st period - Andrew Mangiapane is hit by Matt Benning and loses puck.
4:43 of 1st period - Off-side.
4:44 of 1st period - Nicklas Backstrom wins face-off versus Casey Mittelstadt in neutral zone.
5:05 of 1st period - Shot by Miles Wood.
5:05 of 1st period - Shot Misses the Net.
5:13 of 1st period - Shot by Alec Martinez.
5:13 of 1st period - Stopped by Sergei Bobrovsky with a rebound.
5:15 of 1st period - Shot by Victor Olofsson.
5:15 of 1st period - Stopped by Sergei Bobrovsky without a rebound.
5:16 of 1st period - David Kampf wins face-off versus William Nylander in CAROLINA zone.
5:16 of 1st period - David Kampf is hit by Kevin Fiala.
5:35 of 1st period - Minor Penalty to Shea Weber for Diving.
5:36 of 1st period - Patrice Bergeron wins face-off versus Ilya Kovalchuk in CAROLINA zone.
5:49 of 1st period - Shot by Blake Comeau.
5:49 of 1st period - Shot Misses the Net.
7:26 of 1st period - Icing by Alec Martinez.
7:27 of 1st period - Ivan Barbashev wins face-off versus Patrice Bergeron in BOSTON zone.
7:38 of 1st period - Shot by Miles Wood.
7:38 of 1st period - Deflect By Victor Olofsson.
7:38 of 1st period - Shot Misses the Net.
7:40 of 1st period - Shot by Victor Olofsson.
7:40 of 1st period - Stopped by Sergei Bobrovsky without a rebound.
7:41 of 1st period - David Kampf wins face-off versus Casey Mittelstadt in CAROLINA zone.
7:45 of 1st period - Deryk Engelland is hit by Juuso Valimaki and loses puck.
8:04 of 1st period - Shot by Adam Henrique.
8:04 of 1st period - Shot Blocked by Philippe Myers.
8:48 of 1st period - Icing by Deryk Engelland.
8:49 of 1st period - David Kampf wins face-off versus William Nylander in CAROLINA zone.
9:59 of 1st period - Shot by Claude Giroux.
9:59 of 1st period - Shot Misses the Net.
10:06 of 1st period - Icing by Alec Martinez.
10:07 of 1st period - William Nylander wins face-off versus Dominik Kubalik in BOSTON zone.
10:07 of 1st period - William Nylander is hit by Dominik Kubalik.
10:39 of 1st period - Shot by Nicklas Backstrom.
10:39 of 1st period - Shot Misses the Net.
10:41 of 1st period - Shot by Matt Benning.
10:41 of 1st period - Shot Misses the Net.
10:45 of 1st period - Shot by Nicklas Backstrom.
10:45 of 1st period - Stopped by Martin Jones with a rebound.
10:58 of 1st period - Off-side.
10:59 of 1st period - Casey Mittelstadt wins face-off versus Sam Lafferty in neutral zone.
11:04 of 1st period - Shot by Victor Olofsson.
11:04 of 1st period - Deflect By Miles Wood.
11:04 of 1st period - Stopped by Sergei Bobrovsky without a rebound.
11:05 of 1st period - Claude Giroux wins face-off versus Casey Mittelstadt in CAROLINA zone.
11:45 of 1st period - Icing by Shea Weber.
11:46 of 1st period - Patrice Bergeron wins face-off versus Blake Comeau in CAROLINA zone.
11:46 of 1st period - Patrice Bergeron is hit by Ivan Barbashev.
13:07 of 1st period - Shot by Matt Martin.
13:07 of 1st period - Goal by Matt Martin - CAROLINA : 1 - BOSTON : 1.
13:08 of 1st period - Casey Mittelstadt wins face-off versus Sam Lafferty in neutral zone.
13:11 of 1st period - Shot by Miles Wood.
13:11 of 1st period - Deflect By Victor Olofsson.
13:11 of 1st period - Stopped by Sergei Bobrovsky without a rebound.
13:12 of 1st period - Patrice Bergeron wins face-off versus Casey Mittelstadt in CAROLINA zone.
13:14 of 1st period - Icing by Brent Burns.
13:15 of 1st period - Casey Mittelstadt wins face-off versus Patrice Bergeron in CAROLINA zone.
13:15 of 1st period - Casey Mittelstadt is hit by Shea Weber.
13:29 of 1st period - Shot by Patrice Bergeron.
13:29 of 1st period - Stopped by Martin Jones with a rebound.
13:31 of 1st period - Shot by Shea Weber.
13:31 of 1st period - Stopped by Martin Jones without a rebound.
13:32 of 1st period - Ivan Barbashev wins face-off versus Nicklas Backstrom in BOSTON zone.
13:34 of 1st period - Miro Heiskanen is hit by Deryk Engelland and loses puck.
14:29 of 1st period - Icing by Deryk Engelland.
14:30 of 1st period - Nicklas Backstrom wins face-off versus William Nylander in CAROLINA zone.
14:43 of 1st period - Shot by William Nylander.
14:43 of 1st period - Stopped by Sergei Bobrovsky without a rebound.
14:44 of 1st period - Patrice Bergeron wins face-off versus Casey Mittelstadt in CAROLINA zone.
14:53 of 1st period - Shot by Miles Wood.
14:53 of 1st period - Shot Misses the Net.
15:33 of 1st period - Reilly Smith is hit by Shea Weber and loses puck.
16:05 of 1st period - William Nylander is hit by Shea Weber and loses puck.
16:45 of 1st period - Ivan Barbashev is hit by Shea Weber and loses puck.
17:01 of 1st period - Off-side.
17:02 of 1st period - Nicklas Backstrom wins face-off versus Casey Mittelstadt in neutral zone.
18:02 of 1st period - Shot by David Kampf.
18:02 of 1st period - Shot Blocked by Miro Heiskanen.
18:24 of 1st period - Shot by David Kampf.
18:24 of 1st period - Stopped by Martin Jones without a rebound.
18:25 of 1st period - Nicklas Backstrom wins face-off versus William Nylander in BOSTON zone.
18:30 of 1st period - Shot by Dominik Kubalik.
18:30 of 1st period - Shot Misses the Net.
18:32 of 1st period - Shot by Dominik Kubalik.
18:32 of 1st period - Shot Blocked by Alec Martinez.
18:34 of 1st period - Shot by Dominik Kubalik.
18:34 of 1st period - Shot Blocked by Reilly Smith.
18:36 of 1st period - Shot by Dominik Kubalik.
18:36 of 1st period - Shot Misses the Net.
19:06 of 1st period - William Nylander is hit by Sebastian Aho and loses puck.
19:19 of 1st period - Shot by Adam Henrique.
19:19 of 1st period - Stopped by Martin Jones without a rebound.
19:20 of 1st period - Sam Lafferty wins face-off versus Ivan Barbashev in BOSTON zone.
19:45 of 1st period - Shot by Ivan Barbashev.
19:45 of 1st period - Shot Misses the Net.
Goals for this period are 1 for CAROLINA vs 1 for BOSTON.
Shots for this period are 8 for CAROLINA vs 10 for BOSTON.

2nd period


0:01 of 2nd period - Patrice Bergeron wins face-off versus William Nylander in neutral zone.
0:32 of 2nd period - Shot by Vladimir Tarasenko.
0:32 of 2nd period - Stopped by Martin Jones without a rebound.
0:33 of 2nd period - Nicklas Backstrom wins face-off versus Ivan Barbashev in BOSTON zone.
0:36 of 2nd period - Shot by Alexander Radulov.
0:36 of 2nd period - Shot Misses the Net.
0:38 of 2nd period - Shot by Dominik Kubalik.
0:38 of 2nd period - Shot Misses the Net.
0:57 of 2nd period - Nicklas Backstrom is hit by Philippe Myers and loses puck.
1:37 of 2nd period - Shot by David Kampf.
1:37 of 2nd period - Stopped by Martin Jones without a rebound.
1:38 of 2nd period - William Nylander wins face-off versus Patrice Bergeron in BOSTON zone.
1:56 of 2nd period - Icing by Miro Heiskanen.
1:57 of 2nd period - David Kampf wins face-off versus William Nylander in BOSTON zone.
2:04 of 2nd period - Shot by Adam Henrique.
2:04 of 2nd period - Shot Misses the Net.
2:12 of 2nd period - Adam Henrique is hit by Reilly Smith and loses puck.
2:23 of 2nd period - Shot by William Nylander.
2:23 of 2nd period - Stopped by Sergei Bobrovsky without a rebound.
2:24 of 2nd period - Casey Mittelstadt wins face-off versus Patrice Bergeron in CAROLINA zone.
2:33 of 2nd period - Shot by Miles Wood.
2:33 of 2nd period - Shot Misses the Net.
2:43 of 2nd period - Shot by Vladimir Tarasenko.
2:43 of 2nd period - Stopped by Martin Jones without a rebound.
2:44 of 2nd period - Nicklas Backstrom wins face-off versus Alexandre Texier in BOSTON zone.
2:59 of 2nd period - Shot by Alexander Radulov.
2:59 of 2nd period - Shot Misses the Net.
3:48 of 2nd period - Shot by Reilly Smith.
3:48 of 2nd period - Shot Misses the Net.
3:50 of 2nd period - Shot by William Nylander.
3:50 of 2nd period - Goal by William Nylander - CAROLINA : 1 - BOSTON : 2.
3:51 of 2nd period - Ivan Barbashev wins face-off versus David Kampf in neutral zone.
3:53 of 2nd period - Off-side.
3:54 of 2nd period - William Nylander wins face-off versus David Kampf in neutral zone.
4:14 of 2nd period - Shot by Reilly Smith.
4:14 of 2nd period - Deflect By William Nylander.
4:14 of 2nd period - Stopped by Sergei Bobrovsky without a rebound.
4:15 of 2nd period - Sam Lafferty wins face-off versus Blake Comeau in CAROLINA zone.
4:15 of 2nd period - Sam Lafferty is hit by Blake Comeau.
4:46 of 2nd period - Shot by Blake Comeau.
4:46 of 2nd period - Shot Misses the Net.
5:03 of 2nd period - Off-side.
5:04 of 2nd period - David Kampf wins face-off versus William Nylander in neutral zone.
5:09 of 2nd period - Shot by Adam Henrique.
5:09 of 2nd period - Shot Misses the Net.
6:20 of 2nd period - Shot by Casey Mittelstadt.
6:20 of 2nd period - Deflect By Victor Olofsson.
6:20 of 2nd period - Shot Blocked by Sebastian Aho.
6:24 of 2nd period - Shot by Victor Olofsson.
6:24 of 2nd period - Goal by Victor Olofsson - CAROLINA : 1 - BOSTON : 3.
6:25 of 2nd period - Alexandre Texier wins face-off versus Patrice Bergeron in neutral zone.
6:27 of 2nd period - Philippe Myers is hit by Patrice Bergeron and loses puck.
6:56 of 2nd period - Shot by Claude Giroux.
6:56 of 2nd period - Deflect By Patrice Bergeron.
6:56 of 2nd period - Shot Hit the Post.
7:02 of 2nd period - Shot by Claude Giroux.
7:02 of 2nd period - Stopped by Martin Jones with a rebound.
7:04 of 2nd period - Shot by Patrice Bergeron.
7:04 of 2nd period - Shot Blocked by Philippe Myers.
7:06 of 2nd period - Shot by Patrice Bergeron.
7:06 of 2nd period - Stopped by Martin Jones without a rebound.
7:07 of 2nd period - Casey Mittelstadt wins face-off versus David Kampf in BOSTON zone.
7:07 of 2nd period - Casey Mittelstadt is hit by Matt Martin.
7:38 of 2nd period - Miles Wood is hit by Duncan Keith and loses puck.
7:48 of 2nd period - Miles Wood is hit by Deryk Engelland and loses puck.
7:58 of 2nd period - Off-side.
7:59 of 2nd period - Nicklas Backstrom wins face-off versus William Nylander in neutral zone.
9:31 of 2nd period - Shot by Claude Giroux.
9:31 of 2nd period - Shot Blocked by Philippe Myers.
9:54 of 2nd period - Icing by Adam Henrique.
9:55 of 2nd period - David Kampf wins face-off versus Casey Mittelstadt in CAROLINA zone.
9:55 of 2nd period - Duncan Keith is hit by Miles Wood and loses puck.
10:08 of 2nd period - Shot by Adam Henrique.
10:08 of 2nd period - Stopped by Martin Jones without a rebound.
10:09 of 2nd period - Alexandre Texier wins face-off versus Patrice Bergeron in BOSTON zone.
10:30 of 2nd period - Shot by Andrew Mangiapane.
10:30 of 2nd period - Shot Misses the Net.
10:36 of 2nd period - Shot by Alexandre Texier.
10:36 of 2nd period - Stopped by Sergei Bobrovsky without a rebound.
10:37 of 2nd period - Nicklas Backstrom wins face-off versus Ivan Barbashev in CAROLINA zone.
10:37 of 2nd period - Nicklas Backstrom is hit by Blake Comeau.
11:07 of 2nd period - Shot by Ivan Barbashev.
11:07 of 2nd period - Stopped by Sergei Bobrovsky without a rebound.
11:08 of 2nd period - David Kampf wins face-off versus William Nylander in CAROLINA zone.
11:18 of 2nd period - Off-side.
11:19 of 2nd period - Patrice Bergeron wins face-off versus Victor Olofsson in neutral zone.
12:30 of 2nd period - Shot by Dominik Kubalik.
12:30 of 2nd period - Shot Blocked by Ivan Provorov.
13:37 of 2nd period - Shot by David Kampf.
13:37 of 2nd period - Stopped by Martin Jones without a rebound.
13:38 of 2nd period - Sam Lafferty wins face-off versus Casey Mittelstadt in BOSTON zone.
14:08 of 2nd period - Icing by Juuso Valimaki.
14:09 of 2nd period - David Kampf wins face-off versus Casey Mittelstadt in BOSTON zone.
15:07 of 2nd period - Minor Penalty to Matt Benning for Holding.
15:08 of 2nd period - William Nylander wins face-off versus Patrice Bergeron in CAROLINA zone.
15:31 of 2nd period - Shot by Miro Heiskanen.
15:31 of 2nd period - Shot Misses the Net.
16:11 of 2nd period - Shot by Blake Comeau.
16:11 of 2nd period - Shot Misses the Net.
16:13 of 2nd period - Shot by Alec Martinez.
16:13 of 2nd period - Deflect By Ilya Kovalchuk.
16:13 of 2nd period - Shot Misses the Net.
16:15 of 2nd period - Shot by Filip Hronek.
16:15 of 2nd period - Stopped by Sergei Bobrovsky without a rebound.
16:16 of 2nd period - David Kampf wins face-off versus Ivan Barbashev in CAROLINA zone.
16:16 of 2nd period - David Kampf is hit by Ilya Kovalchuk.
16:19 of 2nd period - Duncan Keith is hit by Blake Comeau and loses puck.
16:25 of 2nd period - Off-side.
16:26 of 2nd period - Ivan Barbashev wins face-off versus Patrice Bergeron in neutral zone.
17:05 of 2nd period - Off-side.
17:06 of 2nd period - Patrice Bergeron wins face-off versus William Nylander in neutral zone.
17:52 of 2nd period - Icing by Casey Mittelstadt.
17:53 of 2nd period - Casey Mittelstadt wins face-off versus Nicklas Backstrom in BOSTON zone.
17:53 of 2nd period - Casey Mittelstadt is hit by Alexander Radulov.
18:48 of 2nd period - Shot by Patrice Bergeron.
18:48 of 2nd period - Shot Misses the Net.
18:50 of 2nd period - Shot by Vladimir Tarasenko.
18:50 of 2nd period - Shot Misses the Net.
19:10 of 2nd period - Shot by Claude Giroux.
19:10 of 2nd period - Stopped by Martin Jones with a rebound.
19:12 of 2nd period - Shot by Vladimir Tarasenko.
19:12 of 2nd period - Shot Blocked by Filip Hronek.
19:14 of 2nd period - Shot by Claude Giroux.
19:14 of 2nd period - Stopped by Martin Jones with a rebound.
Goals for this period are 0 for CAROLINA vs 2 for BOSTON.
Shots for this period are 9 for CAROLINA vs 7 for BOSTON.

3rd period


0:01 of 3rd period - Patrice Bergeron wins face-off versus Ivan Barbashev in neutral zone.
0:14 of 3rd period - Shot by Ivan Barbashev.
0:14 of 3rd period - Shot Misses the Net.
0:16 of 3rd period - Shot by Blake Comeau.
0:16 of 3rd period - Shot Blocked by Brent Burns.
0:18 of 3rd period - Shot by Ivan Provorov.
0:18 of 3rd period - Stopped by Sergei Bobrovsky without a rebound.
0:19 of 3rd period - William Nylander wins face-off versus Nicklas Backstrom in CAROLINA zone.
0:37 of 3rd period - Icing by Alec Martinez.
0:38 of 3rd period - William Nylander wins face-off versus Patrice Bergeron in BOSTON zone.
0:57 of 3rd period - Shot by Patrice Bergeron.
0:57 of 3rd period - Shot Misses the Net.
3:50 of 3rd period - Ivan Provorov is hit by Duncan Keith and loses puck.
4:03 of 3rd period - Shot by Alexander Radulov.
4:03 of 3rd period - Stopped by Martin Jones without a rebound.
4:04 of 3rd period - Patrice Bergeron wins face-off versus Casey Mittelstadt in BOSTON zone.
4:07 of 3rd period - Shot by Vladimir Tarasenko.
4:07 of 3rd period - Shot Misses the Net.
5:10 of 3rd period - Shot by Miro Heiskanen.
5:10 of 3rd period - Stopped by Sergei Bobrovsky without a rebound.
5:11 of 3rd period - Alexandre Texier wins face-off versus Matt Martin in CAROLINA zone.
5:11 of 3rd period - Alexandre Texier is hit by Matt Benning.
5:35 of 3rd period - Shot by Matt Martin.
5:35 of 3rd period - Stopped by Martin Jones without a rebound.
5:36 of 3rd period - Ivan Barbashev wins face-off versus Nicklas Backstrom in BOSTON zone.
6:03 of 3rd period - Deryk Engelland is hit by Blake Comeau and loses puck.
6:36 of 3rd period - Shot by Adam Henrique.
6:36 of 3rd period - Stopped by Martin Jones without a rebound.
6:37 of 3rd period - Patrice Bergeron wins face-off versus Casey Mittelstadt in BOSTON zone.
6:58 of 3rd period - Sebastian Aho is hit by Miles Wood and loses puck.
7:41 of 3rd period - Icing by Reilly Smith.
7:42 of 3rd period - Nicklas Backstrom wins face-off versus William Nylander in BOSTON zone.
7:51 of 3rd period - Shot by Alexander Radulov.
7:51 of 3rd period - Stopped by Martin Jones without a rebound.
7:52 of 3rd period - David Kampf wins face-off versus Alexandre Texier in BOSTON zone.
7:53 of 3rd period - Shot by Adam Henrique.
7:53 of 3rd period - Shot Misses the Net.
7:56 of 3rd period - Icing by Philippe Myers.
7:57 of 3rd period - Nicklas Backstrom wins face-off versus Alexandre Texier in BOSTON zone.
8:05 of 3rd period - Philippe Myers is hit by Alexander Radulov and loses puck.
8:12 of 3rd period - Juuso Valimaki is hit by Shea Weber and loses puck.
8:50 of 3rd period - Ivan Barbashev is hit by Shea Weber and loses puck.
8:58 of 3rd period - Miro Heiskanen is hit by Brent Burns and loses puck.
9:34 of 3rd period - Shot by Vladimir Tarasenko.
9:34 of 3rd period - Stopped by Martin Jones without a rebound.
9:35 of 3rd period - Patrice Bergeron wins face-off versus William Nylander in BOSTON zone.
10:22 of 3rd period - Icing by Alec Martinez.
10:23 of 3rd period - David Kampf wins face-off versus William Nylander in BOSTON zone.
10:32 of 3rd period - Shot by Matt Martin.
10:32 of 3rd period - Shot Blocked by Alec Martinez.
11:01 of 3rd period - Adam Henrique is hit by William Nylander and loses puck.
11:07 of 3rd period - Off-side.
11:08 of 3rd period - Ivan Barbashev wins face-off versus Sam Lafferty in neutral zone.
11:34 of 3rd period - Shot by Sam Lafferty.
11:34 of 3rd period - Stopped by Martin Jones with a rebound.
12:50 of 3rd period - Off-side.
12:51 of 3rd period - Patrice Bergeron wins face-off versus Alexandre Texier in neutral zone.
12:51 of 3rd period - Shea Weber is hit by Alexandre Texier and loses puck.
12:58 of 3rd period - Shot by Filip Zadina.
12:58 of 3rd period - Stopped by Sergei Bobrovsky without a rebound.
12:59 of 3rd period - Alexandre Texier wins face-off versus Patrice Bergeron in CAROLINA zone.
13:06 of 3rd period - Shot by Filip Zadina.
13:06 of 3rd period - Stopped by Sergei Bobrovsky without a rebound.
13:07 of 3rd period - Ivan Barbashev wins face-off versus David Kampf in CAROLINA zone.
13:08 of 3rd period - Shot by Ilya Kovalchuk.
13:08 of 3rd period - Stopped by Sergei Bobrovsky with a rebound.
13:30 of 3rd period - Icing by Alec Martinez.
13:31 of 3rd period - Patrice Bergeron wins face-off versus Ivan Barbashev in BOSTON zone.
14:28 of 3rd period - Off-side.
14:29 of 3rd period - William Nylander wins face-off versus David Kampf in neutral zone.
14:34 of 3rd period - Shot by Reilly Smith.
14:34 of 3rd period - Stopped by Sergei Bobrovsky without a rebound.
14:35 of 3rd period - William Nylander wins face-off versus Nicklas Backstrom in CAROLINA zone.
14:40 of 3rd period - Shot by Reilly Smith.
14:40 of 3rd period - Stopped by Sergei Bobrovsky without a rebound.
14:41 of 3rd period - Nicklas Backstrom wins face-off versus William Nylander in CAROLINA zone.
16:00 of 3rd period - Shot by Vladimir Tarasenko.
16:00 of 3rd period - Shot Misses the Net.
16:20 of 3rd period - Duncan Keith is hit by Miles Wood and loses puck.
17:26 of 3rd period - Brent Burns is hit by Ivan Barbashev and loses puck.
18:13 of 3rd period - Shot by Kevin Fiala.
18:13 of 3rd period - Shot Misses the Net.
18:36 of 3rd period - Shot by Casey Mittelstadt.
18:36 of 3rd period - Stopped by Sergei Bobrovsky without a rebound.
18:37 of 3rd period - Nicklas Backstrom wins face-off versus Alexandre Texier in CAROLINA zone.
18:49 of 3rd period - Shot by Andrew Mangiapane.
18:49 of 3rd period - Shot Misses the Net.
18:57 of 3rd period - Shot by Alexandre Texier.
18:57 of 3rd period - Deflect By Filip Zadina.
18:57 of 3rd period - Stopped by Sergei Bobrovsky without a rebound.
18:58 of 3rd period - Ivan Barbashev wins face-off versus David Kampf in CAROLINA zone.
18:59 of 3rd period - Shot by Ivan Provorov.
18:59 of 3rd period - Stopped by Sergei Bobrovsky without a rebound.
19:00 of 3rd period - Ivan Barbashev wins face-off versus David Kampf in CAROLINA zone.
19:29 of 3rd period - Shot by Blake Comeau.
19:29 of 3rd period - Goal by Blake Comeau - CAROLINA : 1 - BOSTON : 4.
19:30 of 3rd period - Nicklas Backstrom wins face-off versus William Nylander in neutral zone.
Goals for this period are 0 for CAROLINA vs 1 for BOSTON.
Shots for this period are 6 for CAROLINA vs 11 for BOSTON.